 Dungeon Crawl Stone Soup version 0.26-a0-1012-gedcf9b2963 (webtiles) character file.

Game seed: 13269656997533143268

25 EiAlmux the Conjurer (level 3, -1/19 HPs)
             Began as a Tengu Conjurer on Dec 7, 2020.
             Killed from afar by Terence (10 damage)
             ... with a puff of flame
             ... on level 2 of the Dungeon.
             The game lasted 00:03:01 (1026 turns).

EiAlmux the Conjurer (Tengu Conjurer)               Turns: 1026, Time: 00:03:02

Health: -1/19      AC:  2    Str:  7    XL:     3   Next: 4%
Magic:  1/8        EV: 12    Int: 19    God:
Gold:   58         SH:  0    Dex: 12    Spells: 4/7 levels left

rFire    . . .     SeeInvis .   l - +0 short sword (speed)
rCold    . . .     Faith    .   (no shield)
rNeg     . . .     Spirit   .   a - +0 robe
rPois    .         Reflect  .   (helmet restricted)
rElec    .         Harm     .   (no cloak)
rCorr    .         Rampage  .   (no gloves)
Will     .....                  (boots unavailable)
Stlth    ++........             (no amulet)
HPRegen  0.06/turn              (no ring)
MPRegen  0.11/turn              (no ring)

@: no status effects
A: beak, talons 3
a: no special abilities


You were on level 2 of the Dungeon.
You visited 1 branch of the dungeon, and saw 2 of its levels.

You collected 58 gold pieces.

Inventory:

Hand Weapons
 l - a +0 short sword of speed (weapon)
Missiles
 h - 9 stones
Armour
 a - a +0 robe (worn)
Scrolls
 d - a scroll of magic mapping
 e - a scroll of teleportation
 g - 2 scrolls of random uselessness {unknown}
 i - 2 scrolls of identify {unknown}
 k - a scroll of remove curse {unknown}
Potions
 b - 2 potions of flight {unknown}
 c - a potion of heal wounds {unknown}
 f - a potion of attraction {unknown}
 j - a potion of berserk rage {unknown}


   Skills:
 - Level 2.1 Dodging
 + Level 2.4 Stealth
 * Level 2.7 Spellcasting
 + Level 5.6 Conjurations


You had 4 spell levels left.
You knew the following spells:

 Your Spells              Type           Power        Failure   Level
a - Magic Dart            Conj           ###.         1%          1
b - Searing Ray           Conj           ###...       2%          2

Your spell library contained the following spells:

 Spells                   Type           Power        Failure   Level
 Dazzling Flash           Conj/Hex       ##....       16%         3
 Fulminant Prism          Conj/Hex       ##........   45%         4
 Iskenderun's Mystic Bla  Conj/Tloc      ##......     45%         4


Dungeon Overview and Level Annotations

Branches:
Dungeon (2/15)

Altars:

Annotations:
D:2 Terence


Innate Abilities, Weirdness & Mutations

You have a beak for a mouth.
You have claws for feet.


Message History

You finish channeling your searing ray.
Terence closely misses you. Terence hits you with a +0 short sword.
You hit Terence but do no damage. Your kick misses Terence.
Terence is severely wounded.
You barely miss Terence. Your kick misses Terence.
Terence is severely wounded.
Terence hits you with a +0 short sword.
Casting: Searing Ray (safe; 2% risk of failure)
Confirm with . or Enter, or press ? or * to list all spells.
Aiming: Searing Ray (safe; 2% risk of failure)
Press: ? - help, Shift-Dir - straight line, f/p - Terence
Aim: Terence, wielding a +0 short sword, wearing a +0 chain mail and carrying a wand of flame (24) (severely wounded, 16% to evade)
The searing ray hits Terence.
Terence is almost dead. (Press . to maintain the ray.) Terence zaps a wand.
The puff of flame hits you.
A kobold comes into view. It is wielding a +0 short sword.
Terence zaps a wand.
The puff of flame hits you!
Ouch! That really hurt!
You die...

#.# #.# #########
#.#######.# #.......#
#......##.#
#.#.....#########.##.#
#.#.###.......##...#.#
#.#........##.##...#..
#.#####.##.##.##...#..
######...†.......[.........
#.......@.@.............<..
#.####.......#...#.##.)###.
#...##.......#.#...##..####
###.##.......#.#.......†...
#.##.......#.############
#.##.......#,*,,,,,,,,,,,
#.##.#.....#,*,***,,,,,,*
#.##.#.K##.#,,,,,,,,,,,,*
#.#*,*,,*,,,,,,,,,,,,,,,*


You could see Terence and a kobold (wandering).

Vanquished Creatures
  2 leopard geckos (D:1)
  A giant cockroach (D:1)
  5 hobgoblins (D:1)
  2 jackals (D:1)
  4 kobolds (D:1)
  4 bats
  A frilled lizard (D:1)
  3 rats (D:1)
22 creatures vanquished.

Notes
Turn   | Place    | Note
-------+----------+-------------------------------------------
     0 | D:1      | EiAlmux the Tengu Conjurer began the quest for the Orb.
     0 | D:1      | Reached XP level 1. HP: 10/10 MP: 4/4
   185 | D:1      | Reached XP level 2. HP: 15/15 MP: 0/6
   218 | D:1      | Learned a level 2 spell: Searing Ray
   729 | D:1      | Reached XP level 3. HP: 19/19 MP: 3/7
   997 | D:2      | Noticed Terence
  1026 | D:2      | Killed from afar by Terence

Illustrated notes

Levels and vault maps discovered:
D:1:      dpeg_arrival_shelter, layout_basic
D:2:      kennysheep_big_flooded_room, layout_basic, minivault_19,
          uniq_crazy_yiuf_cottage, uniq_jessica, uniq_terence

Action                   || total
-------------------------++-------
Melee: Short sword       ||     7
       Peck              ||     1
 Cast: Magic Dart        ||    42
       Searing Ray       ||     2
  Use: Scroll            ||     2
Armor: Robe              ||     1
Dodge: Dodged            ||     7

Table legend: (Time is in decaauts)
 A = Elapsed time spent in this place.
 B = Non-inter-level travel time spent in this place.
 C = Inter-level travel time spent in this place.
 D = Time resting spent in this place.
 E = Time spent auto-exploring this place.
 F = Levels seen in this place.
 G = Mean time per level.
                   A        B        C        D        E       F      G
               +--------+--------+--------+--------+--------+-----+--------+
         Total |   1025 |   1015 |     10 |      0 |    865 |   2 |  512.5 |
       Dungeon |   1025 |   1015 |     10 |      0 |    865 |   2 |  512.5 |
               +--------+--------+--------+--------+--------+-----+--------+

Top non-repeatable levels by time:
     D:1: 884 daAuts
     D:2: 140 daAuts
